 Dungeon Crawl Stone Soup version 0.29-a0-334-gb41bcbb86e (webtiles) character file.

Game seed: 17099183842407715124

23 BritishOli the Skirmisher (level 2, 0/24 HPs)
             Began as a Demonspawn Monk on Apr 14, 2022.
             Slain by a goblin
             ... wielding a +0 club
              (1 damage)
             ... on level 2 of the Dungeon.
             The game lasted 00:01:23 (1258 turns).

BritishOli the Skirmisher (Demonspawn Monk)         Turns: 1258, Time: 00:01:23

Health: 0/24       AC: 10    Str: 11    XL:     2   Next: 75%
Magic:  2/2        EV:  5    Int: 11    God:
Gold:   34         SH:  0    Dex: 15    Spells: 1/1 levels left

rFire   . . .      SeeInvis .   a - +0 falchion
rCold   . . .      Faith    .   (no shield)
rNeg    . . .      Spirit   .   i - +0 chain mail
rPois   .          Reflect  .   (no helmet)
rElec   .          Harm     .   k - +1 cloak
rCorr   .          Rampage  .   (no gloves)
Will    .....                   (no boots)
Stlth   ..........              (no amulet)
HPRegen 0.08/turn               (no ring)
MPRegen 0.08/turn               (no ring)

@: no status effects
A: claws 1
a: no special abilities


You were on level 2 of the Dungeon.
You visited 1 branch of the dungeon, and saw 2 of its levels.

You collected 34 gold pieces.

Inventory:

Hand Weapons
 a - a +0 falchion (weapon)
Armour
 i - a +0 chain mail (worn)
 k - a +1 cloak (worn)
Scrolls
 e - 3 scrolls of blinking {unknown}
 f - a scroll of identify {unknown}
 g - 2 scrolls of vulnerability {unknown}
 j - a scroll of noise {unknown}
Potions
 b - 2 potions of haste {unknown}
 c - a potion of ambrosia
 d - 2 potions of curing {unknown}


   Skills:
 + Level 3.3 Fighting
 + Level 3.0 Long Blades
 + Level 0.4 Armour
 + Level 3.0 Dodging
 - Level 2.0 Stealth


You had one spell level left.
You didn't know any spells.
Your spell library was empty.

Dungeon Overview and Level Annotations

Branches:
Dungeon (2/15)

Altars:

Annotations:
D:2 Natasha


Innate Abilities, Weirdness & Mutations

You have sharp fingernails.


Message History

No target in view!
Done exploring.
No target in view!
Done exploring.
No target in view!
Done exploring.
(D) Dungeon
Where to? (Enter - D:1 @ (x,y), ? - help)
You see here a +0 robe.
There is a stone staircase leading down here.
You climb downwards.
There is a stone staircase leading up here.
Natasha, a goblin and an endoplasm come into view.
Natasha is carrying a wand of flame (22).
Natasha hisses angrily.
The goblin shouts!
The endoplasm quivers.
Natasha zaps a wand.
The puff of flame hits you.
There are monsters nearby!
There are monsters nearby!
Natasha zaps a wand.
The puff of flame hits you. The endoplasm freezes you.
You are frozen.
The goblin hits you with a +0 club.
There are monsters nearby!
You are too injured to fight recklessly!
You are too injured to fight recklessly!
You are too injured to fight recklessly!
Unknown command.
You slash Natasha!
Natasha is heavily wounded.
Natasha barely misses you. The endoplasm barely misses you.
The goblin hits you but does no damage.
You hit Natasha.
Natasha is heavily wounded.
Natasha stares at you and mumbles some strange words.
The magic dart hits you!
* * * LOW HITPOINT WARNING * * *
The endoplasm hits you.
* * * LOW HITPOINT WARNING * * *
The goblin hits you with a +0 club.
You die...

#.##...#
###.#.....
........###
#........
##.......##
#.........#
#...Jhg.#
#....@.#
###...## ##$.#
##.# #.# #
#.######
###.#####....^.#
#....<.....###.#
#.#.###.....#


You could see Natasha, an endoplasm and a goblin.

Vanquished Creatures
  4 endoplasms (D:1)
  3 hobgoblins (D:1)
  A quokka (D:1)
  A ball python (D:1)
  A bat (D:1)
  A frilled lizard (D:1)
  3 goblins (D:1)
  3 kobolds (D:1)
  5 rats (D:1)
22 creatures vanquished.

Notes
Turn   | Place    | Note
-------+----------+-------------------------------------------
     0 | D:1      | BritishOli the Demonspawn Monk began the quest for the Orb.
     0 | D:1      | Reached XP level 1. HP: 18/18 MP: 1/1
   262 | D:1      | Gained mutation: You have sharp fingernails. [demonic
                  | ancestry]
   262 | D:1      | Reached XP level 2. HP: 14/24 MP: 2/2
   589 | D:1      | Found a faded altar of an unknown god.
  1253 | D:2      | Noticed Natasha
  1258 | D:2      | HP: 1/24 [endoplasm (2)]
  1258 | D:2      | Slain by a goblin

Illustrated notes

Levels and vault maps discovered:
D:1:      spicycebolla_arrival_xxxplode, layout_loops_corners,
          shapermc_ecumenical_altar_venn, hex_tiny, minmay_box_of_dots
D:2:      layout_loops_corners, serial_shops, shop, uniq_natasha

Skill      XL: |  1  2 |
---------------+-------+-----
Stealth        | 2 |  2.0
Dodging        | 3 |  3.0
Long Blades    | 3 |  3.0
Fighting       | |  3.3
Armour         | |  0.4

Action                   || total
-------------------------++-------
Melee: Falchion          ||    59
 Stab: Sleeping          ||     2
Armor: Robe              ||     8
       Chain mail        ||    10
Dodge: Dodged            ||    39

Table legend: (Time is in decaauts)
 A = Elapsed time spent in this place.
 B = Non-inter-level travel time spent in this place.
 C = Inter-level travel time spent in this place.
 D = Time resting spent in this place.
 E = Time spent auto-exploring this place.
 F = Levels seen in this place.
 G = Mean time per level.
                   A        B        C        D        E       F      G
               +--------+--------+--------+--------+--------+-----+--------+
         Total |   1267 |   1227 |     40 |      0 |   1044 |   2 |  633.5 |
       Dungeon |   1267 |   1227 |     40 |      0 |   1044 |   2 |  633.5 |
               +--------+--------+--------+--------+--------+-----+--------+

Top non-repeatable levels by time:
     D:1: 1253 daAuts
     D:2: 13 daAuts
